 Dungeon Crawl Stone Soup version 0.14.1 (webtiles) character file.

522 Heini the Chopper (level 6, -2/56 HPs)
             Began as a Hill Orc Fighter on May 1, 2014.
             Slain by Grinder (4 damage)
             ... on Level 4 of the Dungeon.
             The game lasted 00:11:08 (3202 turns).

Heini the Chopper (Hill Orc Fighter)                Turns: 3202, Time: 00:11:08

HP  -2/56        AC  9     Str 26      XL: 6   Next: 64%
MP   6/6         EV  5     Int  8      God:
Gold 164         SH 19     Dex 10      Spells:  0 memorised,  5 levels left

rFire  . . .     SeeInvis .     a - +0 war axe
rCold  . . .     Clarity  .     m - +0 chain mail
rNeg   . . .     Conserve .     c - +0 shield
rPois  .         rCorr    .     (no helmet)
rElec  .         rRot     .     (no cloak)
SustAb . .       Spirit   .     (no gloves)
rMut   .         Warding  .     (no boots)
Saprov + . .     Stasis   .     (no amulet)
MR     .....                    (no ring)
                                (no ring)

@: mighty, not resistant to hostile enchantments, extremely unstealthy
A: saprovore 1
a: no special abilities


You were on level 4 of the Dungeon.
You were not hungry.

You visited 1 branch of the dungeon, and saw 4 of its levels.
You also visited: Sewer.

You collected 164 gold pieces.

Inventory:

Hand weapons
 a - a +0,+0 war axe (weapon)
Armour
 b - a +0 scale mail
 c - a +0 shield (worn)
 m - a +0 chain mail (worn)
Magical devices
 o - a wand of enslavement (17) {unknown}
 p - a wand of cold (7) {unknown}
Comestibles
 d - 2 meat rations
 i - a pear
 j - 2 bread rations
Scrolls
 g - a scroll of amnesia
 l - 6 scrolls of teleportation
 s - a scroll of identify
Potions
 e - 2 potions of might
 f - 4 potions of curing
 k - a potion of restore abilities
 n - 2 potions of magic
 q - a potion of brilliance
 r - 2 potions of poison


   Skills:
 * Level 5.2 Fighting
 * Level 6.0 Axes
 * Level 5.4 Armour
 - Level 3.2 Shields


You had 5 spell levels left.
You didn't know any spells.

Dungeon Overview and Level Annotations

Branches:
Dungeon (4/15)
 Temple: D:4-7

Altars:
The Shining One

Annotations:
D:4 Grinder


Innate Abilities, Weirdness & Mutations

You can tolerate rotten meat.


Message History

Grinder hits you.
You writhe in agony.
You barely miss Grinder.
Grinder is moderately wounded.
Grinder hits you!
You writhe in agony.
You closely miss Grinder.
Grinder is moderately wounded.
Grinder hits you.
You writhe in agony.
You block Grinder's attack.
You slice Grinder!!
Grinder is severely wounded.
Grinder hits you!
* * * LOW HITPOINT WARNING * * *
You writhe in agony.
* * * LOW HITPOINT WARNING * * *
Unknown command.
Drink which item? (? for menu, Esc to quit)
Okay, then.
Grinder hits you.
* * * LOW HITPOINT WARNING * * *
You writhe in agony.
You die...

####..###### #.#
#..........# ###'######
#..........####........#
#..........##.'........+
#.............#........#
#..........####........#
#..........# #...[....#
#.......5..# #........#
#......@...# ######'###
#######.#### #..# ..#
##.# #.## #.# .. #.# .##
#######'## . #........#
# +........# #........#


You could see Grinder.

Vanquished Creatures
  A scorpion (D:4)
  2 orc priests (D:3)
  8 adders
  6 green rats
  An inept item mimic (D:3)
  2 worms
  8 giant geckos
  An ooze (D:3)
  6 orcs (D:3)
  7 ball pythons
  9 giant cockroaches
  7 goblins
  4 hobgoblins
  5 jackals
  5 kobolds
  2 quokkas
  5 bats
  12 giant newts
  17 rats
108 creatures vanquished.

Notes
Turn   | Place    | Note
--------------------------------------------------------------
     0 | D:1      | Heini, the Hill Orc Fighter, began the quest for the Orb.
     0 | D:1      | Reached XP level 1. HP: 19/19 MP: 1/1
    51 | D:1      | Reached XP level 2. HP: 24/27 MP: 2/2
   162 | D:1      | Reached skill level 4 in Fighting
   328 | D:1      | Reached XP level 3. HP: 33/33 MP: 3/3
   785 | D:2      | Reached XP level 4. HP: 31/41 MP: 4/4
  1010 | D:2      | Found a glowing golden altar of the Shining One.
  1361 | D:3      | Reached XP level 5. HP: 44/47 MP: 5/5
  1628 | D:3      | HP: 2/47 [orc priest/divine providence (14)]
  1636 | D:3      | Reached skill level 5 in Fighting
  1636 | D:3      | Reached skill level 5 in Axes
  1774 | D:3      | Reached skill level 5 in Armour
  1814 | D:3      | Found a glowing drain.
  1818 | Sewer    | Entered a sewer
  1827 | Sewer    | Reached XP level 6. HP: 26/56 MP: 6/6
  2800 | D:4      | Noticed Grinder
  2913 | D:4      | Reached skill level 6 in Axes
  3189 | D:4      | Paralysed by Grinder for 7 turns
  3202 | D:4      | HP: 2/56 [Grinder (4)]
  3202 | D:4      | Slain by Grinder

Action                   |  1- 3 |  4- 6 || total
-------------------------+-------+-------++-------
Melee: War axe           |   113 |   330 ||   443
  Use: Scroll            |       |     9 ||     9
       Potion            |       |     3 ||     3
